Map: Prion Terraces

Players

LiquidMaNa (MaNa) - Winner!

  • Race: Protoss Protoss
  • League: Grandmaster

Uzikoti

  • Race: Terran Terran
  • League: Grandmaster

VOD

Have the link to the VOD?

Description

Time

  • Played on: Jan. 4, 2016, 2:46 p.m.
  • Length: 9:19
Show
View Real Time Build Order
Export as new Build Order

LiquidMaNa Protoss - Winner!

Build Orders: 1 Gate Expand, Oracle Opening, Phoenix Opening 

Get SALT Encoding   

  12  0:01  Probe (Chrono Boost)  
  13  0:11  Probe (Chrono Boost)  
  14  0:18  Pylon  
  14  0:22  Probe (Chrono Boost)  
  15  0:36  Probe (Chrono Boost)  
  15  0:38  Gateway  
  16  0:47  Probe (Chrono Boost)  
  17  1:07  Nexus  
  18  1:11  Probe (Chrono Boost)  
  18  1:15  Assimilator  
  18  1:21  Probe (Chrono Boost)  
  19  1:28  Cybernetics Core  
  19  1:32  Probe (Chrono Boost)  
  20  1:38  Assimilator  
  20  1:43  Probe (Chrono Boost)  
  21  1:48  Pylon  
  21  1:53  Probe (Chrono Boost)  
  22  2:04  Probe (Chrono Boost)  
  22  2:05  Warp Gate  
  22  2:06  Adept  
  25  2:14  Probe (Chrono Boost)  
  26  2:19  Probe (Chrono Boost)  
  27  2:25  Probe (Chrono Boost)  
  28  2:30  Probe (Chrono Boost)  
  28  2:34  Stargate  
  28  2:35  Probe (Chrono Boost)  
  30  2:40  Probe (Chrono Boost)  
  30  2:41  Adept  
  33  2:46  Probe (Chrono Boost)  
  35  2:51  Probe (Chrono Boost)  
  35  2:55  Assimilator  
  35  2:56  Probe (Chrono Boost)  
  36  3:02  Mothership Core (Chrono Boost)  
  36  3:05  Pylon  
  38  3:07  Probe (Chrono Boost)  
  38  3:10  Adept  
  41  3:17  Probe (Chrono Boost)  
  42  3:20  Probe (Chrono Boost)  
  42  3:25  Oracle (Chrono Boost)  
  46  3:28  Probe  
  46  3:29  Probe  
  48  3:38  Assimilator  
  48  3:39  Probe  
  48  3:40  Probe  
  50  3:47  Pylon  
  50  3:49  Twilight Council  
  50  3:50  Probe  
  50  3:52  Probe  
  52  3:57  Phoenix (Chrono Boost)  
  54  4:03  Probe  
  54  4:05  Probe  
  56  4:10  Sentry  
  56  4:12  Gateway  
  56  4:14  Probe  
  56  4:15  Gateway  
  59  4:17  Probe  
  59  4:19  Phoenix (Chrono Boost)  
  59  4:22  Pylon  
  62  4:39  Probe  
  62  4:40  Probe  
  64  4:49  Probe  
  64  4:50  Phoenix (Chrono Boost)  
  65  4:52  Probe  
  65  4:54  Robotics Facility  
  65  5:00  Probe  
  65  5:04  Probe  
  67  5:09  Sentry, Resonating Glaives  
  67  5:10  Probe  
  67  5:14  Nexus  
  70  5:17  Pylon  
  70  5:24  Pylon  
  70  5:25  Pylon  
  70  5:30  Gateway  
  70  5:33  Gateway  
  70  5:35  Probe, Phoenix (Chrono Boost)  
  73  5:37  Probe  
  73  5:47  Probe  
  73  5:48  Probe  
  75  5:53  Observer  
  75  5:56  Adept x3  
  84  5:57  Phoenix (Chrono Boost)  
  84  5:58  Probe  
  84  5:59  Probe  
  86  6:09  Probe, Gateway  
  86  6:11  Probe  
  88  6:13  Gateway x2  
  88  6:19  Probe, Phoenix (Chrono Boost)  
  88  6:21  Observer  
  88  6:24  Probe  
  92  6:26  Probe  
  92  6:30  Probe  
  95  6:40  Phoenix (Chrono Boost)  
  95  6:42  Nexus  
  97  6:50  Adept x5  
  105  6:57  Gateway  
  105  7:00  Gateway x2  
  105  7:03  Pylon  
  105  7:07  Phoenix (Chrono Boost)  
  107  7:09  Pylon  
  107  7:21  Adept x5  
  107  7:22  Adept x2  
  117  7:33  Phoenix (Chrono Boost)  
  119  7:37  Pylon x2  
  119  7:39  Pylon  
  117  7:46  Probe  
  117  7:47  Adept x2  
  117  7:48  Adept x4  
  124  7:58  Adept x2  
  124  8:01  Phoenix (Chrono Boost)  
  128  8:13  Adept x9  
  128  8:19  Sentry x2  
  150  8:24  Pylon  
  150  8:43  Adept x8  
  150  8:44  Adept x3  
  172  9:00  Pylon  
  172  9:02  Pylon  
  172  9:04  Pylon  
Show
View Real Time Build Order
Export as new Build Order

Uzikoti Terran 

Build Orders: MMM Bio 

Get SALT Encoding   

  12  0:00  SCV  
  13  0:13  SCV  
  14  0:17  Supply Depot  
  14  0:25  SCV  
  15  0:39  SCV  
  15  0:40  Barracks  
  16  0:44  Refinery  
  16  0:51  SCV  
  17  1:03  SCV  
  18  1:15  SCV  
  19  1:27  Orbital Command  
  19  1:29  Barracks Reactor  
  19  1:40  Command Center  
  19  1:54  Supply Depot  
  19  1:55  SCV  
  20  2:05  Marine x2  
  20  2:07  SCV  
  23  2:18  Barracks  
  23  2:22  SCV  
  24  2:23  Marine x2  
  26  2:34  SCV  
  27  2:40  Factory  
  27  2:41  Marine x2  
  29  2:46  SCV  
  30  2:52  Orbital Command  
  30  2:58  SCV  
  30  3:02  Marine x2  
  33  3:06  Barracks Tech Lab  
  33  3:11  SCV  
  34  3:17  Supply Depot  
  34  3:18  SCV  
  35  3:23  SCV, Marine x2  
  35  3:24  Marine  
  35  3:26  Widow Mine  
  39  3:30  SCV  
  42  3:35  Stimpack  
  42  3:38  SCV  
  42  3:39  Supply Depot  
  43  3:43  SCV  
  43  3:44  Marine x2  
  43  3:45  Marine  
  46  3:50  SCV  
  48  3:55  SCV  
  48  3:56  Factory Tech Lab  
  48  4:01  Starport  
  48  4:02  SCV  
  49  4:04  Engineering Bay  
  49  4:07  SCV, Refinery  
  49  4:09  Refinery  
  50  4:10  Marine  
  50  4:15  Marine  
  52  4:18  SCV  
  52  4:21  Marine  
  54  4:24  SCV  
  54  4:28  Marine  
  54  4:30  SCV  
  56  4:36  SCV  
  54  4:42  SCV  
  54  4:44  Marine x2  
  50  4:48  SCV  
  50  4:50  Terran Infantry Weapons Level 1  
  50  4:54  SCV  
  50  4:58  Siege Tank, Marine  
  55  5:00  Refinery  
  55  5:01  SCV  
  55  5:05  Missile Turret  
  55  5:06  SCV  
  57  5:07  Missile Turret  
  57  5:13  SCV  
  58  5:17  Supply Depot x2, Marine x2  
  58  5:18  Marauder  
  62  5:28  SCV x2, Medivac  
  62  5:32  Siege Tank  
  62  5:33  Supply Depot  
  69  5:39  Marine x2  
  69  5:40  Combat Shields  
  69  5:41  SCV  
  69  5:42  Marauder  
  74  5:47  SCV  
  74  5:53  SCV  
  75  5:57  Marine x2  
  75  5:58  Medivac  
  75  5:59  SCV, Supply Depot  
  80  6:04  Siege Tank, Marine  
  80  6:05  SCV  
  80  6:10  Supply Depot  
  80  6:11  SCV  
  86  6:15  Marine x2  
  86  6:18  SCV  
  88  6:23  Supply Depot  
  88  6:24  Marauder  
  90  6:28  Medivac  
  90  6:32  SCV x2  
  90  6:48  SCV x2  
  90  6:50  Marauder, Siege Tank, Marine x2  
  99  6:55  Command Center  
  99  7:00  SCV  
  100  7:06  Starport Reactor  
  100  7:08  Marine  
  101  7:11  Barracks  
  101  7:12  Barracks x2  
  100  7:27  Marine x3  
  100  7:28  Siege Tank  
  104  7:35  Supply Depot  
  99  7:45  Marine  
  70  8:01  Barracks Reactor  
  70  8:02  Barracks Tech Lab  
  69  8:08  SCV, Barracks Reactor  
  69  8:09  Armory  
  69  8:10  SCV, Engineering Bay  
  71  8:15  Medivac x2  
  71  8:16  Siege Tank  
  71  8:17  Marauder  
  80  8:20  SCV  
  80  8:22  SCV  
  82  8:30  Missile Turret  
  82  8:32  SCV, Orbital Command  
  83  8:34  SCV  
  84  8:44  SCV  
  84  8:45  Marine x3  
  84  8:46  SCV, Marauder  
  91  8:56  SCV, Refinery  
  91  8:58  SCV  
  91  9:01  Refinery  
  91  9:02  SCV  
Tags
 
Add a new tag
Caveats
  • Supply blocks, unpowered buildings, or Contaminate may cause inaccurate times.
  • Supply counts are checked every 10 seconds.